 Dungeon Crawl Stone Soup version 0.20.1-1-g8b1a95d (webtiles) character file.

32 ANON1729 the Firebug (level 3, 0/21 HPs)
             Began as an Octopode Fire Elementalist on Aug 17, 2017.
             Slain by a giant cockroach (1 damage)
             ... on level 2 of the Dungeon.
             The game lasted 00:03:58 (1299 turns).

ANON1729 the Firebug (Octopode Fire Elementalist)   Turns: 1299, Time: 00:03:58

Health: 0/21       AC:  1    Str:  7    XL:     3   Next: 25%
Magic:  0/6        EV: 13    Int: 18    God:
Gold:   13         SH:  0    Dex: 12    Spells: 2/6 levels left

rFire    + . .     SeeInvis .   g - +1 dagger (elec)
rCold    . . .     Gourm    .   (no shield)
rNeg     . . .     Faith    .   (helmet restricted)
rPois    .         Spirit   .   (no amulet)
rElec    .         Reflect  .   (no ring)
rCorr    .         Harm     .   (no ring)
MR       .....                  (no ring)
Stlth    +++.......             (no ring)
Regen    0.1/turn               (no ring)
MPRegen  0.1/turn               (no ring)
                                (no ring)
                                (no ring)

@: no status effects
A: almost no armour, stealthy swim, amphibious, 8 rings, constrict 8, camouflage
1, blurry vision 1, deterioration 1, fire resistance 1, gelatinous body 1
a: no special abilities


You were on level 2 of the Dungeon.
You were hungry.

You visited 1 branch of the dungeon, and saw 2 of its levels.

You collected 13 gold pieces.

Inventory:

Hand Weapons
 g - a +1 dagger of electrocution (weapon)
Scrolls
 c - a scroll of fog {unknown}
 d - 2 scrolls of identify {unknown}
Potions
 f - a potion of heal wounds {unknown}
Books
 a - a book of Flames

   Spells                             Type                      Level
   a - Flame Tongue                   Conjuration/Fire             1
   b - Throw Flame                    Conjuration/Fire             2
   c - Conjure Flame                  Conjuration/Fire             3
   d - Inner Flame                    Hexes/Fire                   3
   e - Sticky Flame                   Conjuration/Fire             4
   f - Fireball                       Conjuration/Fire             5
Comestibles
 b - a bread ration


   Skills:
 - Level 2.0 Dodging
 - Level 2.6 Stealth
 + Level 2.4 Spellcasting
 + Level 1.9 Conjurations
 + Level 3.5 Fire Magic


You had 2 spell levels left.
You knew the following spells:

 Your Spells              Type           Power        Failure   Level  Hunger
a - Flame Tongue          Conj/Fire      ##...        6%          1    #......
b - Conjure Flame         Conj/Fire      ##......     17%         3    ###....


Dungeon Overview and Level Annotations

Branches:
Dungeon (2/15)

Altars:


Innate Abilities, Weirdness & Mutations

You cannot wear most types of armour.
You are very stealthy in the water. (Stealth+)
You are amphibious.
You can wear up to eight rings at the same time.
You can use your tentacles to constrict eight enemies at once.
Your skin changes colour to match your surroundings (Stealth+).
Your rubbery body absorbs attacks. (AC +1, EV +1)
Scrolls take you a little longer to read.
Your body sometimes deteriorates upon taking damage.
Your flesh is heat resistant. (rF+)


Message History

The flame tongue misses the jackal.
You are feeling hungry.
The giant cockroach closely misses you. The jackal barely misses you.
The jackal bites you but does no damage.
Casting: Flame Tongue
Confirm with . or Enter, or press ? or * to list all spells.
Aiming: Flame Tongue
Press: ? - help, Shift-Dir - straight line, f/p - jackal
Aim: a jackal (almost dead)
The flame tongue hits the jackal.
The jackal appears unharmed.
The jackal is almost dead.
The jackal misses you. The jackal bites you.
* * * LOW HITPOINT WARNING * * *
The giant cockroach barely misses you. The jackal barely misses you.
The jackal bites you.
* * * LOW HITPOINT WARNING * * *
It was a potion of mutation.
You feel extremely strange.
You feel yourself wasting away.
Your vision blurs.
You feel resistant to heat. The giant cockroach bites you.
You die...

#........#
#........#
###..(.....#
#..........#
...........#
#...!....#
#...sh...#
#...@h...#
##########


You could see 2 jackals and a giant cockroach.

Vanquished Creatures
  2 giant cockroaches (D:1)
  4 goblins
  A hobgoblin (D:1)
  5 jackals (D:1)
  A quokka (D:1)
  2 bats (D:1)
  2 frilled lizards (D:1)
  2 kobolds (D:1)
  13 rats (D:1)
32 creatures vanquished.

Notes
Turn   | Place    | Note
-------+----------+-------------------------------------------
     0 | D:1      | ANON1729 the Octopode Fire Elementalist began the quest for the Orb.
     0 | D:1      | Reached XP level 1. HP: 11/11 MP: 3/3
   141 | D:1      | Reached XP level 2. HP: 14/17 MP: 0/5
   680 | D:1      | Reached XP level 3. HP: 21/21 MP: 0/6
   832 | D:1      | Learned a level 3 spell: Conjure Flame
  1298 | D:2      | HP: 1/21 [jackal (2)]
  1299 | D:2      | Gained mutation: Your body sometimes deteriorates upon taking damage. [potion of mutation]
  1299 | D:2      | Gained mutation: Scrolls take you a little longer to read. [potion of mutation]
  1299 | D:2      | Gained mutation: Your flesh is heat resistant. (rF+) [potion of mutation]
  1299 | D:2      | Slain by a giant cockroach

Action                   || total
-------------------------++-------
Melee: Unarmed           ||    34
       Constrict         ||     8
       Tentacles         ||     6
       Dagger            ||     1
 Cast: Flame Tongue      ||    36
  Use: Potion            ||     1
 Stab: Sleeping          ||     7
  Eat: Chunk             ||     1
Armor: Skin              ||     6
Dodge: Dodged            ||    45
